 Dungeon Crawl Stone Soup version 0.29.1-1-gd02db6906a (webtiles) character file.

Game seed: 11832713022587146733

1 RatsInWalls the Caller (level 1, 0/10 HPs)
             Began as a Kobold Summoner on Oct 21, 2022.
             Slain by a jackal (1 damage)
             ... on level 1 of the Dungeon.
             The game lasted 00:00:33 (70 turns).

RatsInWalls the Caller (Kobold Summoner)              Turns: 70, Time: 00:00:34

Health: 0/10       AC:  2    Str:  5    XL:     1   Next: 22%
Magic:  0/3        EV: 15    Int: 16    God:
Gold:   0          SH:  0    Dex: 15    Spells: 3/4 levels left

rFire   . . .      SeeInvis .   (weapon restricted)
rCold   . . .      Faith    .   (no shield)
rNeg    . . .      Spirit   .   a - +0 robe
rPois   .          Reflect  .   (no helmet)
rElec   .          Harm     .   (no cloak)
rCorr   .          Rampage  .   (no gloves)
Will    .....                   (no boots)
Stlth   +++.......              (no amulet)
HPRegen 0.03/turn               (no ring)
MPRegen 0.08/turn               (no ring)

@: no status effects
A: small, no large weapons, nightstalker 3
a: no special abilities


You were on level 1 of the Dungeon.
You visited 1 branch of the dungeon, and saw 1 of its levels.

Inventory:

Armour
 a - a +0 robe (worn)
Scrolls
 c - a scroll of silence {unknown}
Potions
 b - a potion of magic


   Skills:
 + Level 0.1 Fighting
 - Level 2.4 Dodging
 + Level 2.7 Stealth
 + Level 2.2 Spellcasting
 + Level 4.0 Summonings


You had 3 spell levels left.
You knew the following spells:

 Your Spells              Type           Power      Damage    Failure   Level
a - Summon Small Mammal   Summ           56%        N/A       4%          1

Your spell library contained the following spells:

 Spells                   Type           Power      Damage    Failure   Level
 Call Imp                 Summ           14%        N/A       6%          2
 Call Canine Familiar     Summ           14%        N/A       12%         3
 Summon Guardian Golem    Hex/Summ       8%         N/A       26%         3
 Summon Lightning Spire   Summ/Air       8%         N/A       65%         4


Dungeon Overview and Level Annotations

Branches:
Dungeon (1/15)

Altars:


Innate Abilities, Weirdness & Mutations

You are small and have problems with some larger weapons.
You are completely attuned to the shadows.


Message History

A jackal comes into view.
The jackal completely misses you. The rat closely misses your bat.
Your bat barely misses the jackal.
The hobgoblin barely misses your bat.
Your bat barely misses the hobgoblin. x2; The jackal bites you.
Your bat hits the hobgoblin but does no damage.
The rat closely misses your bat.
Unknown command.
Your bat hits the hobgoblin. Your bat misses the hobgoblin.
The jackal misses you. Something bites your bat.
Your bat hits the hobgoblin. Something closely misses your bat.
You swap places.
The jackal bites your quokka.
Your quokka bites the jackal but does no damage.
The jackal closely misses your quokka.
Your quokka closely misses the jackal.
The jackal bites your quokka.
Your quokka bites the jackal.
The jackal bites your quokka.
Your quokka barely misses the jackal.
The jackal bites your quokka but does no damage.
Your quokka bites the jackal.
The jackal dies!
The jackal bites your quokka but does no damage.
Your quokka closely misses the jackal.
You miscast Summon Small Mammal.
You are very lightly contaminated with residual magic.
Nothing appears to happen.
You barely miss the jackal. The jackal misses you.
The jackal closely misses you.
You closely miss the jackal. The jackal completely misses you.
You hit the jackal but do no damage. The jackal bites you.
The jackal closely misses you.
Your magical contamination has completely faded away.
You barely miss the jackal.
The jackal bites you but does no damage.
You closely miss the jackal. The jackal closely misses you.
You barely miss the jackal. The jackal bites you.
* * * LOW HITPOINT WARNING * * *
The jackal bites you but does no damage.
The jackal attacks as you move away! The jackal bites you.
* * * LOW HITPOINT WARNING * * *
The jackal bites you.
You die...

#.#. ..# #.+.##.#
#.#....#
####.#....#
###.h..+...<#
###...##h#....#
###...####@#....#
#...### #.'.##.#
#.### #.#....#
#.# ######## #r#
#h# #.# ##.#
##hg#


You could see a jackal.

Vanquished Creatures (collateral kills)
  A jackal (D:1)
1 creature vanquished.

Notes
Turn   | Place    | Note
-------+----------+-------------------------------------------
     0 | D:1      | RatsInWalls the Kobold Summoner began the quest for the
                  | Orb.
     0 | D:1      | Reached XP level 1. HP: 10/10 MP: 3/3
    70 | D:1      | Slain by a jackal

Illustrated notes

Levels and vault maps discovered:
D:1:      lemuel_arrival_behind_the_door_small, layout_rooms,
          hellmonk_ecumenical_altar_blasted, minmay_cupped

Action                   || total
-------------------------++-------
Melee: Unarmed           ||     7
 Cast: Summon Small Mamm ||     4
Armor: Robe              ||     4
Dodge: Dodged            ||    13
